Map: Zen LE

Players

AGOElazer (Elazer) - Winner!

  • Race: Zerg Zerg
  • League: Master
  • Spawn Location: 1:00

TLHarstem (Harstem)

  • Race: Protoss Protoss
  • League: Master
  • Spawn Location: 7:00

Event: Shopify TSL 5

VOD

Have the link to the VOD?

Description

Time

  • Played on: May 16, 2020, 1:25 p.m.
  • Length: 10:51

All games in this series

Show
View Real Time Build Order
Export as new Build Order

AGOElazer Zerg - Winner!

Build Orders: Hatch First 

Get SALT Encoding   

  12  0:00  Drone  
  13  0:12  Overlord  
  13  0:16  Drone  
  14  0:30  Drone x2  
  16  0:48  Hatchery  
  15  0:51  Drone  
  15  0:55  Drone  
  17  0:58  Drone  
  18  1:09  Extractor  
  17  1:13  Spawning Pool  
  17  1:17  Drone  
  17  1:20  Drone  
  18  1:27  Drone  
  19  1:39  Drone  
  20  1:49  Drone  
  21  1:59  Queen x2  
  21  2:00  Zergling x2  
  26  2:01  Overlord  
  26  2:11  Drone, Zergling x2  
  28  2:24  Drone x2  
  30  2:33  Hatchery  
  30  2:35  Drone x2  
  31  2:40  Queen  
  33  2:46  Metabolic Boost  
  33  2:50  Overlord  
  33  2:53  Drone  
  33  2:54  Drone  
  33  2:57  Drone  
  36  3:09  Drone x2  
  36  3:10  Drone x4  
  42  3:14  Overlord  
  42  3:19  Queen  
  44  3:29  Spore Crawler  
  44  3:30  Drone  
  44  3:34  Drone x4  
  48  3:41  Drone x4  
  48  3:44  Spore Crawler  
  48  3:45  Overlord  
  51  3:49  Drone  
  51  3:52  Spore Crawler  
  51  3:54  Queen  
  53  3:57  Drone  
  53  4:00  Drone x3  
  57  4:03  Drone  
  57  4:06  Drone  
  57  4:08  Drone x2  
  61  4:14  Overlord  
  61  4:19  Zergling x4  
  63  4:25  Zergling x2  
  63  4:26  Zergling x2  
  63  4:27  Zergling x4  
  63  4:30  Overlord, Lair  
  66  4:33  Drone  
  66  4:34  Extractor  
  66  4:35  Roach Warren  
  66  4:36  Drone x3  
  67  4:38  Drone  
  67  4:40  Drone  
  67  4:45  Drone x4  
  73  4:47  Overlord  
  73  4:54  Drone x4  
  73  4:55  Extractor  
  73  4:57  Drone x2  
  78  5:05  Overlord  
  78  5:06  Drone  
  79  5:10  Extractor  
  79  5:11  Evolution Chamber, Zergling x2  
  78  5:14  Zergling x2  
  78  5:15  Drone x6  
  78  5:18  Overlord  
  84  5:22  Extractor  
  84  5:23  Queen  
  84  5:27  Overlord  
  85  5:29  Drone x4  
  85  5:31  Hatchery  
  85  5:35  Hydralisk Den  
  85  5:37  Drone  
  85  5:38  Extractor, Drone  
  85  5:40  Drone, Zerg Melee Weapons Level 1  
  85  5:42  Drone  
  87  5:43  Drone x2, Baneling Nest  
  87  5:45  Pneumatized Carapace  
  88  5:53  Zergling x12  
  94  6:00  Drone x4  
  98  6:05  Muscular Augments, Overlord  
  98  6:07  Overseer  
  98  6:09  Hydralisk x2  
  102  6:16  Overlord  
  102  6:19  Drone  
  102  6:20  Drone x2  
  102  6:21  Drone  
  102  6:23  Drone x2  
  102  6:24  Drone x2  
  105  6:26  Centrifical Hooks  
  105  6:27  Hydralisk  
  105  6:29  Hydralisk  
  109  6:32  Overlord  
  109  6:34  Hydralisk  
  109  6:39  Hydralisk x2  
  115  6:45  Hydralisk x3  
  121  6:48  Hydralisk x2  
  121  6:51  Hydralisk  
  121  6:53  Overlord  
  127  6:57  Overlord  
  127  7:03  Overlord x2  
  127  7:07  Extractor  
  126  7:13  Baneling  
  126  7:14  Baneling x5  
  126  7:16  Grooved Spines, Hatchery  
  126  7:21  Hydralisk x5  
  135  7:26  Overlord  
  135  7:28  Baneling x4  
  135  7:29  Hydralisk  
  137  7:37  Zergling x22  
  138  7:40  Zerg Melee Weapons Level 2  
  142  7:48  Zergling x16  
  142  7:51  Zergling x2  
  148  7:56  Zergling x2  
  148  8:00  Overlord  
  148  8:03  Baneling x4  
  148  8:05  Baneling x13  
  146  8:06  Zergling x4  
  146  8:07  Zergling x8  
  151  8:16  Zergling x10, Overlord  
  151  8:17  Zergling x8  
  159  8:22  Drone x2  
  159  8:26  Drone  
  162  8:30  Zergling x4  
  164  8:37  Zergling x4  
  161  8:41  Drone x10  
  161  8:45  Zergling x6  
  174  8:53  Zergling x12  
  174  8:55  Baneling x9  
  180  8:56  Baneling x4  
  180  8:59  Zergling x6  
  176  9:06  Zergling x4  
  172  9:15  Drone x5, Spire  
  168  9:17  Overlord  
  168  9:22  Hydralisk x8  
  171  9:25  Zergling x4  
  171  9:26  Baneling x6  
  171  9:31  Overlord x3  
  173  9:43  Zergling x20  
  180  9:47  Zergling x2  
  181  9:53  Zergling x2  
  181  9:54  Zergling x22  
  181  9:58  Zergling x6  
  195  10:01  Baneling x9  
  195  10:03  Zergling x2  
  195  10:04  Zergling x4  
  192  10:08  Baneling x16  
  192  10:10  Zergling x12  
  192  10:18  Zergling x2  
  192  10:19  Zergling x12  
  199  10:26  Zergling x10  
Show
View Real Time Build Order
Export as new Build Order

TLHarstem Protoss 

Build Orders: Oracle Opening, Zealot Archon 

Get SALT Encoding   

  12  0:00  Probe  
  13  0:14  Pylon  
  13  0:17  Probe (Chrono Boost)  
  14  0:28  Probe (Chrono Boost)  
  15  0:29  Assimilator  
  15  0:32  Probe (Chrono Boost)  
  16  0:44  Probe  
  17  0:56  Probe  
  18  1:01  Gateway  
  18  1:08  Probe  
  19  1:20  Probe  
  19  1:23  Nexus  
  20  1:32  Probe  
  21  1:40  Assimilator  
  21  1:45  Pylon  
  21  1:48  Cybernetics Core  
  21  1:50  Probe  
  22  2:03  Probe  
  23  2:15  Probe  
  24  2:21  Adept (Chrono Boost)  
  24  2:27  Probe, Stargate  
  24  2:29  Warp Gate  
  27  2:36  Probe  
  28  2:40  Probe (Chrono Boost)  
  29  2:47  Adept  
  29  2:48  Probe (Chrono Boost)  
  33  2:52  Probe (Chrono Boost)  
  34  2:59  Probe (Chrono Boost)  
  34  3:00  Probe (Chrono Boost)  
  34  3:04  Probe (Chrono Boost)  
  36  3:05  Probe (Chrono Boost)  
  36  3:08  Oracle (Chrono Boost)  
  40  3:13  Pylon  
  40  3:15  Probe  
  40  3:17  Probe  
  40  3:18  Gateway  
  42  3:21  Stalker  
  44  3:27  Probe  
  44  3:29  Probe  
  46  3:35  Oracle (Chrono Boost)  
  46  3:39  Probe  
  50  3:42  Pylon  
  50  3:43  Probe  
  51  3:51  Probe  
  52  3:57  Nexus  
  52  3:58  Probe  
  52  4:02  Robotics Facility  
  53  4:03  Probe  
  54  4:11  Pylon  
  54  4:12  Probe (Chrono Boost)  
  54  4:15  Probe (Chrono Boost)  
  54  4:16  Assimilator  
  56  4:20  Assimilator  
  58  4:25  Probe (Chrono Boost)  
  58  4:26  Probe (Chrono Boost)  
  58  4:30  Adept x2, Probe (Chrono Boost)  
  62  4:33  Pylon  
  62  4:34  Probe  
  64  4:42  Probe  
  65  4:46  Probe  
  65  4:47  Forge, Twilight Council  
  65  4:52  Observer (Chrono Boost)  
  67  4:54  Probe, Pylon  
  67  4:58  Probe  
  69  5:03  Sentry, Zealot  
  69  5:06  Probe  
  74  5:07  Immortal  
  74  5:10  Probe  
  74  5:13  Probe  
  80  5:15  Protoss Ground Weapons Level 1 (Chrono Boost)  
  80  5:18  Probe  
  81  5:22  Probe  
  81  5:25  Probe  
  81  5:26  Gateway  
  81  5:27  Gateway  
  81  5:28  Charge  
  83  5:30  Probe  
  83  5:34  Probe  
  85  5:37  Probe  
  85  5:41  Assimilator  
  85  5:42  Probe  
  87  5:44  Templar Archives, Assimilator  
  87  5:47  Probe  
  87  5:49  Probe  
  89  5:52  Gateway  
  89  5:54  Probe, Gateway  
  89  5:56  Phoenix (Chrono Boost)  
  90  5:58  Gateway  
  90  5:59  Gateway  
  90  6:01  Probe  
  93  6:09  Warp Prism (Chrono Boost)  
  94  6:11  Gateway  
  94  6:15  Pylon  
  94  6:17  Pylon  
  95  6:25  Probe  
  96  6:28  High Templar x2  
  96  6:30  Photon Cannon  
  96  6:32  Pylon  
  100  6:34  Archon, Pylon x2  
  100  6:39  High Templar x2  
  104  6:42  Probe  
  105  6:47  Photon Cannon  
  105  6:48  Archon  
  105  6:49  Stalker x2  
  105  6:52  Probe, Psionic Storm  
  110  7:02  Probe  
  110  7:06  Zealot x4  
  119  7:09  Probe  
  119  7:12  Pylon  
  119  7:15  High Templar x2  
  124  7:16  Zealot x2  
  128  7:30  Zealot x3  
  128  7:31  High Templar  
  128  7:32  High Templar  
  128  7:34  Nexus  
  128  7:36  Pylon  
  135  7:51  Protoss Ground Weapons Level 2 (Chrono Boost)  
  135  7:53  High Templar  
  135  7:54  Zealot x3  
  135  7:56  Probe, Photon Cannon  
  135  7:57  Probe  
  145  7:59  Pylon  
  139  8:06  Stalker  
  139  8:07  Assimilator  
  139  8:11  Assimilator  
  141  8:17  Probe  
  140  8:21  Probe  
  140  8:22  Photon Cannon  
  140  8:23  Photon Cannon  
  140  8:25  Warp Prism (Chrono Boost)  
  140  8:26  High Templar x2  
  145  8:28  Pylon  
  145  8:30  Stalker x2  
  151  8:38  Archon  
  151  8:40  Zealot x3  
  151  8:41  Zealot  
  155  8:47  Probe  
  152  8:48  Zealot  
  152  8:54  Zealot  
  152  8:55  Zealot  
  146  9:06  Probe  
  146  9:07  Sentry, Zealot x3  
  146  9:09  Zealot x3  
  150  9:11  Probe (Chrono Boost)  
  150  9:15  Probe (Chrono Boost)  
  150  9:16  Probe (Chrono Boost)  
  147  9:21  Probe (Chrono Boost)  
  147  9:23  Probe (Chrono Boost)  
  139  9:27  Photon Cannon  
  139  9:28  Probe (Chrono Boost)  
  139  9:29  Photon Cannon  
  139  9:30  High Templar x4  
  139  9:31  Probe x2 (Chrono Boost)  
  151  9:33  Probe x2 (Chrono Boost), High Templar x2  
  151  9:35  Archon  
  156  9:41  Probe  
  156  9:42  Probe x3  
  156  9:43  Archon  
  153  9:53  Probe  
  153  9:54  Zealot x2  
  153  9:57  Probe  
  150  10:02  Zealot x3  
  150  10:06  Probe  
  150  10:13  Pylon  
  133  10:15  Zealot x5  
  143  10:23  Probe (Chrono Boost)  
  143  10:26  Zealot  
  143  10:27  Zealot  
  139  10:34  High Templar  
  139  10:35  Probe (Chrono Boost), High Templar  
  139  10:37  Probe x2 (Chrono Boost), Zealot  
  139  10:38  Archon, Pylon  
  125  10:43  Probe (Chrono Boost)  
Tags
 
Add a new tag
Caveats
  • Supply blocks, unpowered buildings, or Contaminate may cause inaccurate times.
  • Supply counts are checked every 10 seconds.